AoeStats
← APPS Gamblear

Arena

510934200Analyzed
2v2 RM · 19h ago on Oct 3, 2026· 38m 16s· 4 players
Game mode
Random Map
Map size
Medium (4 player)
Population
200
Speed
Normal
Resources
Standard
Victory
Conquest
Starting age
Dark Age
Ending age
Imperial Age
RankedLock teamsTeams togetherTeam positionsShared explorationLock speedFull tech treeHidden civsTurbo modeCheats
Victory
Defeat
🇦🇷 Persians · Argentina
1101
+44
🇦🇷 Britons · Argentina
1057
+19
🇺🇸 Britons · United States
1183
-20
🇺🇸 Hindustanis · United States
1101
-17
APPS SantiMedia
11:29 Feudal Age
15:43 Castle Age
13:47 Loom
13:49 Double-Bit Axe
14:19 Loom
14:26 Fletching
15:21 Horse Collar
16:16 Forging
20:37 Town Watch
22:04 Padded Archer Armor
26:39 Wheelbarrow
28:14 Gold Mining
28:56 Bodkin Arrow
32:51 Imperial Age
31:44 Bodkin Arrow
32:04 Leather Archer Armor
32:48 Hand Cart
34:33 Bracer
35:15 Conscription
35:39 Bow Saw
36:07 Ring Archer Armor
37:44 Ballistics
37:58 Husbandry
37:18 Cavalier
38:39 Stone Mining
39:25 Gold Shaft Mining
39:55 Two-Man Saw
APPS Gamblear
1:24 Loom
10:40 Feudal Age
11:32 Double-Bit Axe
11:41 Gold Mining
17:09 Castle Age
19:55 Wheelbarrow
19:50 Bow Saw
21:27 Stone Mining
21:30 Horse Collar
30:24 Light Cavalry
34:16 Forging
34:11 Scale Barding Armor
38:14 Imperial Age
35:58 Heavy Plow
36:32 Bloodlines
39:42 Two-Man Saw
38:39 Town Watch
johnsnow
10:34 Feudal Age
14:23 Castle Age
14:04 Double-Bit Axe
14:01 Horse Collar
15:16 Loom
15:32 Gold Mining
15:55 Bow Saw
19:59 Scale Barding Armor
20:52 Forging
23:30 Chain Barding Armor
24:31 Iron Casting
27:49 Heavy Plow
29:09 Wheelbarrow
33:37 Hand Cart
36:27 Imperial Age
34:01 Pikeman
35:01 Scale Mail Armor
36:58 Murder Holes
37:48 Chain Mail Armor
38:00 Conscription
37:43 Grand Trunk Road
rugiero569
10:43 Feudal Age
12:02 Loom
15:34 Castle Age
15:19 Double-Bit Axe
16:42 Town Watch
16:41 Horse Collar
18:17 Fletching
22:12 Bodkin Arrow
31:10 Squires
31:24 Pikeman
Connection lost

Rejoining the realm…

Still unreachable

The connection could not be restored.

Session expired

The server has moved on; the page needs a fresh start.